 Dungeon Crawl Stone Soup version 0.19-a0-1438-g932844a (webtiles) character file.

734050 PurpleRed the Archmage (level 27, -1/151 HPs)
             Began as a Deep Elf Conjurer on Sept 4, 2016.
             Was the Champion of Vehumet.
             Slain by a sun demon (13 damage)
             ... in Pandemonium on Sept 5, 2016.
             The game lasted 08:22:27 (21480 turns).

PurpleRed the Archmage (Deep Elf Conjurer)         Turns: 21480, Time: 08:22:28

Health: -1/151     AC: 14    Str:  7    XL:     27
Magic:  7/65       EV: 18    Int: 41    God:    Vehumet [******]
Gold:   2803       SH: 15    Dex:  6    Spells: 17 memorised, 0 levels left

rFire  . . .     SeeInvis .     b - staff of energy
rCold  + . .     Gourm    .     J - +2 troll leather armour of the Beginning {+Blink MR+ Regen+ Dex-5}
rNeg   . . .     Faith    .     A - +3 buckler {reflect}
rPois  .         Spirit   .     j - -1 helmet of Beof {Int+4}
rElec  +         Dismiss  .     v - +1 cloak of Starlight {rElec rC+ EV+4 Stlth--}
rCorr  .         Reflect  +     W - +2 pair of gloves
MR     +++++     Harm     .     K - +2 pair of boots of the Assassin {DetectMon Stab+ Stlth++}
Stlth  ++........               w - brooch of Shielding {Reflect SH+8}
                                X - ring of the Mage {Wiz MR++ Int+3}
                                N - ring of magical power

@: very slightly contaminated, delayed fireball, repel missiles, drained
A: clumsy 2, sense surroundings 1, strong 1, subdued magic 2
a: Renounce Religion, Release Delayed Fireball, Evoke Blink
}: 6/15 runes: decaying, slimy, silver, golden, demonic, gossamer


You were in Pandemonium.
You worshipped Vehumet.
Vehumet was exalted by your worship.
You were full.

You visited 12 branches of the dungeon, and saw 56 of its levels.
You visited Pandemonium 1 time, and saw 4 of its levels.
You visited 1 ziggurat, and saw 18 of its levels.
You also visited: Volcano.

You collected 4534 gold pieces.
You spent 1731 gold pieces at shops.

Inventory:

Hand Weapons
 Y - the +5 long sword of Gallantry {slice, rF+ MR+}
   (You took it off a deep elf demonologist on level 3 of the Elven Halls)

   It inflicts extra damage upon your enemies.
   It protects you from fire.
   It affects your resistance to hostile enchantments.
Armour
 c - a +2 robe of fire resistance
 d - a +2 robe of the Archmagi
 j - the -1 helmet of Beof (worn) {Int+4}
   (You bought it in a shop on level 2 of the Orcish Mines)

   It affects your intelligence (+4).
 v - the +1 cloak of Starlight (worn) {rElec rC+ EV+4 Stlth--}
   (You bought it in a shop on level 2 of the Orcish Mines)

   It affects your evasion (+4).
   It protects you from cold.
   It insulates you from electricity.
   It makes you much less stealthy.
 A - a +3 buckler of reflection (worn)
 J - the +2 troll leather armour of the Beginning (worn) {+Blink MR+ Regen+ Dex-5}
   (You found it on level 8 of a ziggurat)

   It affects your dexterity (-5).
   It affects your resistance to hostile enchantments.
   It lets you blink.
   It increases your rate of regeneration.
 K - the +2 pair of boots of the Assassin (worn) {DetectMon Stab+ Stlth++}
   (You found it on level 5 of the Pits of Slime)

   It makes you much more stealthy.
 W - a +2 pair of gloves (worn)
Magical Staves
 a - an uncursed staff of fire
 b - an uncursed staff of energy (weapon)
 T - an uncursed staff of conjuration
Rods
 r - a +9 lightning rod (10/10)
   (You found it on level 6 of the Lair of Beasts)
 P - a +7 rod of inaccuracy (12/12)
   (You found it on level 12 of the Dungeon)
Jewellery
 w - the brooch of Shielding (around neck) {Reflect SH+8}
   (You found it on level 11 of a ziggurat)

   [amulet of reflection]

   It shields you and reflects attacks.
   It affects your SH (+8).
 D - the ring of Shaolin {EV+8}
   (You found it on level 5 of the Pits of Slime)

   [ring of evasion]

   It affects your evasion (+8).
 H - the ring of Conformity {Wiz +Fly Int+4}
   (You found it on level 3 of the Elven Halls)

   [ring of wizardry]

   It improves your spell success rate.
   It affects your intelligence (+4).
   It lets you fly.
 N - a ring of magical power (left hand)
 R - the ring "Coitrou" {MR+ SInv}
   (You found it on level 12 of the Dungeon)

   [ring of see invisible]

   It affects your resistance to hostile enchantments.
   It lets you see invisible.
 X - the ring of the Mage (right hand) {Wiz MR++ Int+3}
   (You found it on level 8 of a ziggurat)

   [ring of wizardry]

   It improves your spell success rate.
   It affects your intelligence (+3).
   It affects your resistance to hostile enchantments.
Wands
 F - a wand of disintegration (7/24)
Scrolls
 e - 10 scrolls of teleportation
 i - 2 scrolls of immolation
 m - 17 scrolls of remove curse
 p - 8 scrolls of identify
 y - 11 scrolls of recharging
 C - 8 scrolls of fog
 E - a scroll of summoning
 G - 4 scrolls of fear
 I - a scroll of magic mapping
 M - 7 scrolls of amnesia
Potions
 h - 2 potions of magic
 l - a potion of resistance
 n - 4 potions of haste
 s - 7 potions of cure mutation
 u - 8 potions of curing
 x - a potion of invisibility
 z - 3 potions of brilliance
 L - 2 potions of cancellation
 U - 6 potions of ambrosia
 V - 3 potions of heal wounds
Miscellaneous
 g - a phial of floods
Comestibles
 f - 18 meat rations
 o - 9 fruits
 t - 4 royal jellies
 Q - 19 bread rations


   Skills:
 - Level 9.7(9.0) Fighting
 - Level 13.2(12.5) Dodging
 - Level 4.4(3.8) Stealth
 - Level 4.0(3.4) Shields
 O Level 27(26.0) Spellcasting
 - Level 21.6(20.8) Conjurations
 - Level 7.1(6.4) Charms
 + Level 16.3(15.5) Necromancy
 - Level 15.5(14.8) Translocations
 - Level 10.2(9.6) Transmutations
 - Level 19.3(18.4) Fire Magic
 + Level 19.2(18.4) Earth Magic
 * Level 14.6(13.9) Evocations


You couldn't memorise any spells.
You knew the following spells:

 Your Spells              Type           Power        Failure   Level  Hunger
a - Magic Dart            Conj           ####         0%          1    None
b - Fire Storm            Conj/Fire      #######...   1%          9    None
c - Necromutation         Tmut/Necr      #######...   6%          8    None
d - Controlled Blink      Tloc           N/A          2%          8    None
e - Fireball              Conj/Fire      #######...   0%          5    None
f - Bolt of Fire          Conj/Fire      #######...   0%          6    None
g - Delayed Fireball      Conj/Fire      N/A          1%          7    None
h - Apportation           Tloc           #######...   0%          1    None
i - Orb of Destruction    Conj           #######...   1%          7    None
j - Iron Shot             Conj/Erth      #######...   0%          6    None
k - Blink                 Tloc           N/A          0%          2    None
l - Repel Missiles        Chrm/Air       #####.       1%          2    None
m - Passage of Golubria   Tloc           N/A          0%          4    None
n - Passwall              Tmut/Erth      #######...   0%          2    None
o - Haste                 Chrm           ######..     1%          6    None
p - Shatter               Erth           #######...   2%          9    None
s - Sublimation of Blood  Necr           #######...   0%          2    None


Dungeon Overview and Level Annotations

Branches:
Dungeon (15/15)            Temple (1/1) D:6            Lair (6/6) D:10
  Swamp (4/4) Lair:2       Spider (4/4) Lair:3        Slime (5/5) Lair:5
    Orc (2/2) D:9             Elf (3/3) Orc:2        Vaults (5/5) D:14
  Crypt (3/3) Vaults:3       Tomb (3/3) Crypt:3      Depths (5/5) D:15
    Zot: Depths:5

Altars:
Ashenzari
Dithmenos
Fedhas
Gozag
Hepliaklqana
Kikubaaqudgha
Makhleb
Nemelex Xobeh
Okawaru
Qazlal
Ru
Sif Muna
Trog
Uskayaw
Vehumet
Xom
Yredelemnul
Beogh
Jiyva

Shops:
D:4 (   D:6 %   D:9 (   D:11 }   Orc:2 [[([[   Vaults:2 (   Depths:5 *

Portals:
Hell: Depths:4 Depths:5
Abyss: Depths:4
Pandemonium: Depths:3
Trove: Depths:5 (give 22 scrolls of identify)

Annotations:
D:2 Terence
D:4 Eustachio, Robin
Spider:1 Asterion
Spider:4 PurpleRed's ghost, journeyman DECj
Slime:5 Ultraviolent4's ghost, adept FoFi
Depths:5 15 runed doors


Innate Abilities, Weirdness & Mutations

You passively map a small area around you.
Your muscles are strong. (Str +2)
[You are very clumsy. (Dex -4)]
[Your spells are easier to cast, but less powerful.]


Message History

Press: ? - help, Dir - move target cursor A sun demon comes into view.
The sun demon shouts!
You hear a shout!
You block the sun demon's attack.
The infernal blood saint conjures a destructive force in the name of its god!
The mass of ice explodes!
The iceblast engulfs the sun demon.
The sun demon is frozen!
The iceblast engulfs you! You partially resist.
* * * LOW HITPOINT WARNING * * *
The iceblast engulfs the infernal blood saint.
The ghostly flame explodes!
The ghostly fireball engulfs the sun demon.
The sun demon completely resists.
The ghostly fireball engulfs you!
You feel drained.
* * * LOW HITPOINT WARNING * * *
The ghostly fireball engulfs the infernal blood saint.
The infernal blood saint resists.
The infernal blood saint is drained!
The sun demon hits you!
* * * LOW HITPOINT WARNING * * *
You are engulfed in flames!
You die...

* , ##, ** * * #. *, ,
* #. , * , * * *, #. ,
, * #.* * ...... , ,
#,,#. , ,, ....2., ....
, #..#.########.).....
....
#....@3.......)..v..
..4.,,
#......6.....)..∩...
....,
....##....###.....[...
)... ,
,.##.............#...}.
.... ,
*#...........2.....
....,
#.........§....... ..
#........3...##... #3.
..6.........?## , #.#.#
#.....)..........


You could see an infernal blood saint, 2 sun demons and an infernal demonspawn.

Vanquished Creatures
  the Royal Jelly (Slime:5)
  2 pandemonium lords
  2 ancient liches
  27 greater mummies
  The ghost of tijit the Sorcerer, a veteran HECj of Vehumet (Vaults:4)
  2 Killer Klowns (Zig:9)
  3 golden dragons (Vaults:5)
  7 large abominations
  The ghost of Ryco the Executioner, an adept DsBe of Makhleb (Vaults:5)
  2 bone dragons
  Arachne (Spider:3)
  2 liches
  A Brimstone Fiend (Pan)
  2 Hell Sentinels (Zig:11)
  An Ice Fiend (Zig:11)
  7 tentacled monstrosities
  A quicksilver dragon (Vaults:5)
  2 deep elf master archers
  2 deep elf blademasters (Elf:3)
  20 acid blobs
  5 titans (Vaults:5)
  2 Executioners
  10 sphinxes
  Agnes (Spider:3)
  4 ancient champions
  3 tengu reavers
  Donald (Spider:3)
  2 thorn hunters
  10 greater nagas
  2 storm dragons (Vaults:5)
  8 shadow dragons
  An azure jelly (shapeshifter) (Zig:18)
  A fire giant (Vaults:5)
  2 revenants (Zig:13)
  4 azure jellies
  2 iron dragons
  9 ghost moths
  9 frost giants
  4 vault wardens
  2 cacodemons (Zig:11)
  4 deep elf sorcerers
  10 emperor scorpions
  A warmonger (Zig:11)
  2 ghouls
  3 reapers
  2 orc warlords
  2 curse skulls (Zig:13)
  A juggernaut zombie (Zig:17)
  4 ironheart preservers
  4 war gargoyles
  21 very ugly things
  5 entropy weavers
  7 stone giants
  10 deep elf demonologists
  3 corrupters (Pan)
  7 bennus
  4 blood saints
  Nessos (D:13)
  9 vampire knights
  3 dire elephants (Lair:6)
  3 chaos champions
  8 deep elf annihilators
  A spark wasp (shapeshifter) (Vaults:5)
  2 black suns (Pan)
  6 spark wasps
  5 ettins
  8 eidola (Crypt:3)
  2 quicksilver dragon zombies (Crypt:3)
  15 death oozes (Slime:5)
  8 merfolk javelineers
  9 blizzard demons (Pan)
  24 mummy priests
  11 deep elf death magi
  10 jiangshi
  4 fire dragons
  5 green deaths
  4 great orbs of eyes
  12 deep elf high priests
  2 rakshasas
  13 hydras
  30 vault guards
  6 naga warriors (Zig:16)
  11 yaktaur captains
  3 ice dragons
  3 anacondas (Zig:16)
  A spriggan air mage (Depths:3)
  A quicksilver dragon skeleton (Zig:17)
  2 juggernaut simulacra (Pan)
  An alligator snapping turtle (Zig:14)
  7 centaur warriors
  2 ghost crabs
  2 satyrs (Zig:8)
  2 alligators (Swamp:2)
  A hell beast (Pan)
  5 death knights
  A merfolk aquamancer (Zig:14)
  11 ogre magi
  9 dancing weapons
  8 deep troll shamans
  18 death scarabs
  10 death yaks
  5 deep troll earth magi
  A spriggan berserker (Depths:4)
  3 tengu warriors
  A hell hog (shapeshifter) (Vaults:5)
  2 vampire magi
  5 naga sharpshooters
  4 shock serpents
  7 deep elf knights
  A hell knight (Depths:2)
  3 soul eaters
  3 storm dragon zombies
  3 sun demons (Pan)
  2 orc high priests (Orc:2)
  Nergalle (D:11)
  3 iron trolls (Depths:5)
  22 skeletal warriors
  5 sixfirhies
  A sea snake (shapeshifter) (Zig:18)
  4 shadow wraiths
  2 unseen horrors (D:14)
  A storm dragon skeleton (Tomb:1)
  2 wizards
  4 giant orange brains
  13 swamp dragons
  2 spriggan druids
  An anaconda zombie (Crypt:3)
  3 lindwurms (Swamp:4)
  3 hill giants
  A salamander mystic (Depths:4)
  7 flayed ghosts
  20 deep trolls
  3 infernal demonspawn (Pan)
  3 putrid demonspawn (Pan)
  An orange crystal statue (Zig:5)
  3 naga ritualists
  9 orc knights
  4 ironbrand convokers (Vaults:5)
  21 phantasmal warriors
  5 deep elf archers
  A shadow demon (Zig:11)
  8 necromancers
  3 frost giant zombies
  2 shining eyes
  33 wolf spiders
  4 griffons
  A cyclops (shapeshifter) (Depths:3)
  5 orc sorcerers
  16 orb spiders
  26 ugly things
  A stone giant zombie (Vaults:5)
  A faun (Zig:8)
  34 deep elf magi
  A shadow dragon skeleton (Crypt:3)
  3 salamanders (Depths:4)
  An oklob plant (Zig:13)
  2 cyclopes
  7 hornets
  24 elephants
  2 fire giant skeletons
  An elephant (shapeshifter) (Vaults:5)
  6 guardian serpents
  6 moths of wrath
  2 eyes of devastation
  6 rust devils
  A siren (Zig:14)
  A smoke demon (Pan)
  13 black mambas
  14 vault sentinels
  2 dire elephant zombies
  An orange demon (Pan)
  A titan simulacrum (Zig:17)
  2 elf zombies (Zig:10)
  4 naga magi
  5 ice statues (Pan)
  2 torpor snails
  A gargoyle (D:12)
  2 hellions (Zig:10)
  A yaktaur zombie (Vaults:5)
  29 yaktaurs
  4 tormentors
  10 spiny frogs
  2 rime drakes
  4 komodo dragons
  A dire elephant skeleton (Tomb:2)
  11 freezing wraiths
  7 small abominations (Vaults:5)
  7 hellwings (Crypt:3)
  17 demonic crawlers
  A yellow draconian skeleton (Crypt:1)
  6 ice devils
  A hydra zombie (Zig:17)
  4 tengu conjurers (Depths:4)
  A harpy zombie (Crypt:3)
  2 giant leeches
  3 red devils
  53 guardian mummies
  28 jumping spiders
  4 trolls
  A queen bee (shapeshifter) (Vaults:3)
  A jumping spider (shapeshifter) (Vaults:5)
  15 two-headed ogres
  A polar bear (shapeshifter) (Elf:1)
  A wind drake (Zig:14)
  14 blink frogs
  3 bog bodies
  A wind drake (shapeshifter) (Vaults:5)
  2 fire dragon zombies
  An ettin zombie (Vaults:3)
  72 slime creatures
  2 snapping turtles
  A snapping turtle (shapeshifter) (Depths:3)
  3 boulder beetles
  6 dream sheep (Lair:6)
  A hornet zombie (D:14)
  An alligator zombie (Crypt:3)
  19 flying skulls
  82 redbacks
  A spriggan (Lair:3)
  2 ice dragon skeletons
  13 wraiths
  33 tarantellas
  3 ynoxinuls (Pan)
  2 spriggans (shapeshifter)
  25 yaks
  7 shadows
  3 wyverns
  34 ushabtiu
  A basilisk (Lair:5)
  A golden eye (shapeshifter) (Vaults:4)
  A steam dragon (shapeshifter) (D:9)
  7 hippogriffs
  3 hungry ghosts
  4 golden eyes (Slime:4)
  A tengu zombie (Zig:6)
  A mottled dragon (Vaults:2)
  12 vampire mosquitoes
  4 chaos spawn
  A warg (shapeshifter) (Vaults:3)
  8 wargs
  4 nagas
  4 swamp worms
  10 insubstantial wisps
  2 spiny frog zombies (Crypt:3)
  6 hell hounds
  A swamp worm (shapeshifter) (Vaults:5)
  3 soldier ants
  10 water moccasins
  44 orc warriors
  7 swamp drakes
  A deep troll skeleton (Vaults:3)
  7 porcupines
  3 ice beasts
  A sky beast (shapeshifter) (Vaults:3)
  A sky beast (D:9)
  A black bear (Lair:2)
  4 human zombies
  4 eyes of draining
  2 phantoms
  A wasp (Swamp:2)
  3 elf skeletons
  9 wolves (Lair:2)
  35 ogres
  A tengu (shapeshifter) (Vaults:5)
  5 necrophages
  13 centaurs
  13 crocodiles
  7 giant frogs
  A gnoll sergeant (D:11)
  5 wyvern skeletons (Crypt:3)
  3 earth elementals (Elf:3)
  A human skeleton (Vaults:3)
  4 scorpions
  A water moccasin skeleton (D:10)
  A spriggan zombie (Crypt:3)
  6 killer bees (D:13)
  8 electric eels
  A howler monkey (D:9)
  3 crimson imps
  4 centaur zombies
  2 human simulacra
  A quasit (D:15)
  2 centaur skeletons
  4 hounds
  17 orc priests
  21 orc wizards
  A giant frog skeleton (Crypt:1)
  6 iron imps
  A porcupine zombie (Crypt:2)
  A two-headed ogre skeleton (Crypt:2)
  5 iguanas
  A lightning spire (Zig:8)
  7 hell rats (Lair:6)
  9 worker ants
  A hound skeleton (D:9)
  38 mummies
  A worker ant zombie (D:11)
  3 gnolls (D:11)
  A scorpion zombie (Crypt:1)
  3 adders
  5 river rats
  A shadow imp (D:11)
  An adder zombie (D:7)
  5 worms
  2 giant geckos
  91 orcs
  2 bats
  A giant cockroach (D:2)
  2 goblins (D:3)
  5 hobgoblins
  4 quokkas
  A ball python (D:4)
  4 kobolds
  A kobold skeleton (Crypt:1)
  2 rats (D:2)
  10 crawling corpses (Vaults:5)
  A fire vortex (Pan)
  A fungus (Lair:6)
  9 plants
  8 withered plants (Crypt:3)
2098 creatures vanquished.

Vanquished Creatures (collateral kills)
  An ancient lich (Tomb:2)
  3 greater mummies
  A tentacled monstrosity (Zig:7)
  An ancient champion (Tomb:1)
  A shadow dragon (Vaults:5)
  A ghost moth (Zig:15)
  A reaper (Zig:10)
  3 very ugly things
  2 stone giants
  A juggernaut skeleton (Zig:17)
  A bennu (Zig:17)
  A dire elephant (Lair:6)
  A small abomination (Vaults:5)
  A mummy priest (Tomb:3)
  A deep elf high priest (Vaults:5)
  An anaconda (Lair:6)
  A titan zombie (Tomb:2)
  A storm dragon zombie (Zig:17)
  2 titan skeletons
  A golden dragon skeleton (Zig:17)
  A sphinx skeleton (Zig:17)
  A wolf spider (Zig:15)
  A fire giant zombie (Crypt:3)
  2 black mambas
  A guardian serpent (Zig:5)
  A demonic crawler (Zig:15)
  2 dire elephant skeletons
  A freezing wraith (Vaults:5)
  A guardian mummy (Zig:17)
  A yaktaur skeleton (Vaults:4)
  A jumping spider (Zig:15)
  A fire dragon zombie (Crypt:3)
  An ice dragon zombie (Crypt:1)
  A water elemental (Depths:2)
  An ushabti (Zig:17)
  A soldier ant (shapeshifter) (Depths:2)
  An orc warrior (Vaults:5)
  2 ogres
  A centaur (Vaults:3)
  2 wyvern skeletons (Crypt:3)
  A jelly (D:15)
  12 mummies
  An orc (Vaults:4)
  3 crawling corpses (Vaults:5)
67 creatures vanquished.

Vanquished Creatures (others)
  A stone giant (Vaults:3)
  37 death scarabs (Tomb:2)
  A shadow demon (Pan)
  A harpy skeleton (Tomb:3)
  An ogre (Depths:1)
  2 electric eels (D:14)
  A crimson imp (D:14)
  2 mummies (Tomb:2)
  668 fire vortices
  36 fungi
  7 plants
  2 withered plants (Crypt:3)
759 creatures vanquished.

Grand Total: 2924 creatures vanquished

Notes
Turn   | Place    | Note
-------+----------+-------------------------------------------
     0 | D:1      | PurpleRed the Deep Elf Conjurer began the quest for the Orb.
     0 | D:1      | Reached XP level 1. HP: 10/10 MP: 6/6
    72 | D:1      | You fall through a shaft!
    77 | D:2      | Noticed Terence
   127 | D:2      | Found a deep blue altar of Sif Muna.
   127 | D:2      | Found a radiant altar of Vehumet.
   127 | D:2      | Found a bloodstained altar of Trog.
   134 | D:2      | Became a worshipper of Vehumet
   335 | D:1      | Reached XP level 2. HP: 15/15 MP: 4/8
   339 | D:1      | Learned a level 2 spell: Searing Ray
   411 | D:3      | Reached skill level 5 in Conjurations
   428 | D:3      | Reached XP level 3. HP: 12/19 MP: 0/10
   511 | D:4      | Noticed Eustachio
   539 | D:3      | Found a sparkling altar of Nemelex Xobeh.
   603 | D:4      | Found Taydur's Antique Weapon Shoppe.
   624 | D:4      | Noticed Robin
   632 | D:3      | Reached skill level 4 in Spellcasting
   759 | D:4      | Reached XP level 4. HP: 23/24 MP: 7/12
   798 | D:4      | Reached * piety under Vehumet
   798 | D:4      | Offered knowledge of Freeze by Vehumet.
   897 | D:5      | Entered Level 5 of the Dungeon
   900 | D:5      | Reached XP level 5. HP: 12/28 MP: 3/14
   917 | D:5      | Learned a level 4 spell: Iskenderun's Mystic Blast
   923 | D:5      | Learned a level 5 spell: Iskenderun's Battlesphere
   948 | D:5      | Noticed a water moccasin
   962 | D:6      | Killed a water moccasin
   962 | D:6      | Reached skill level 5 in Spellcasting
   962 | D:6      | Reached skill level 1 in Charms
   962 | D:6      | Reached XP level 6. HP: 13/32 MP: 3/15
   975 | D:6      | Found a staircase to the Ecumenical Temple.
   980 | Temple   | Entered the Ecumenical Temple
  1032 | D:6      | Found Gajyl's Food Shop.
  1194 | D:6      | Reached XP level 7. HP: 15/36 MP: 7/17
  1273 | D:5      | Learned a level 3 spell: Regeneration
  1475 | D:7      | Reached skill level 6 in Spellcasting
  1625 | D:9      | Found Mol Vief's Weapon Boutique.
  1629 | D:9      | Reached skill level 5 in Charms
  1633 | D:9      | Reached XP level 8. HP: 41/41 MP: 5/20
  1709 | D:9      | Reached skill level 7 in Spellcasting
  1737 | D:10     | Entered Level 10 of the Dungeon
  1789 | D:9      | Noticed a two-headed ogre
  1837 | D:9      | Noticed a hill giant
  1843 | D:9      | Killed a two-headed ogre
  1894 | D:8      | Reached ** piety under Vehumet
  1894 | D:8      | Offered knowledge of Throw Frost by Vehumet.
  1912 | D:8      | Reached skill level 10 in Conjurations
  1970 | D:8      | Found a hide-covered altar of Uskayaw.
  2013 | D:8      | Reached skill level 8 in Spellcasting
  2205 | D:8      | You fall through a shaft for 2 floors!
  2206 | D:10     | Identified a scroll of acquirement
  2316 | D:10     | Noticed a hill giant
  2322 | D:10     | Killed a hill giant
  2322 | D:10     | Reached skill level 9 in Spellcasting
  2322 | D:10     | Reached XP level 9. HP: 45/45 MP: 16/24
  2706 | D:10     | Reached skill level 10 in Spellcasting
  2763 | D:10     | Offered knowledge of Mephitic Cloud by Vehumet.
  2848 | D:10     | Noticed an elephant
  2876 | D:10     | Killed an elephant
  2876 | D:10     | Reached XP level 10. HP: 30/50 MP: 8/26
  2897 | D:10     | Found a staircase to the Lair.
  2910 | D:10     | Upgraded the game from 0.19-a0-1401-g902f63d to 0.19-a0-1406-g1c65f5a
  2929 | D:11     | Reached *** piety under Vehumet
  3144 | D:12     | Reached skill level 11 in Spellcasting
  3152 | D:12     | Noticed a gargoyle
  3153 | D:12     | Noticed a centaur warrior
  3155 | D:12     | Killed a centaur warrior
  3176 | D:12     | Killed a gargoyle
  3217 | D:12     | Noticed a tengu reaver
  3219 | D:12     | Noticed a frost giant
  3219 | D:12     | Noticed a war gargoyle
  3220 | D:12     | Noticed a deep troll earth mage
  3221 | D:12     | Found a runed gate.
  3221 | D:12     | Found a runed gate.
  3221 | D:12     | Found a runed gate.
  3221 | D:12     | Found a runed gate.
  3248 | D:12     | Offered knowledge of Static Discharge by Vehumet.
  3487 | D:12     | Noticed a hill giant
  3487 | D:12     | Noticed a seven-headed hydra
  3503 | D:12     | Killed a hill giant
  3503 | D:12     | Reached skill level 12 in Spellcasting
  3506 | D:12     | Killed a seven-headed hydra
  3506 | D:12     | Reached XP level 11. HP: 54/54 MP: 14/29
  3538 | D:12     | Found a runed gate.
  3538 | D:12     | Found a runed gate.
  3618 | D:12     | Killed a frost giant
  3618 | D:12     | Reached skill level 15 in Conjurations
  3638 | D:12     | Identified the Incunabulum of Spatial Aid
  3643 | D:12     | Got a spiked cloak
  3645 | D:12     | Got a shimmering platinum ring
  3676 | D:12     | Identified the ring "Coitrou" {MR+ SInv} (You found it on level 12 of the Dungeon)
  3683 | D:12     | Identified the +1 cloak "Ikhyeg" {rPois SInv} (You found it on level 12 of the Dungeon)
  3683 | D:12     | Identified a +5 rod of inaccuracy (9/9) (You found it on level 12 of the Dungeon)
  3691 | D:12     | Learned a level 5 spell: Bolt of Magma
  3821 | D:11     | Found Laeh's Gadget Shop.
  3893 | D:11     | Reached skill level 1 in Fire Magic
  3982 | D:11     | Noticed a hill giant
  3989 | D:11     | Killed a hill giant
  4229 | D:9      | Noticed a great orb of eyes
  4235 | D:9      | Killed a great orb of eyes
  4235 | D:9      | Reached skill level 13 in Spellcasting
  4251 | D:9      | Noticed a wolf spider
  4253 | D:9      | Killed a wolf spider
  4254 | D:9      | Noticed a deep troll
  4264 | D:9      | Killed a deep troll
  4264 | D:9      | Reached **** piety under Vehumet
  4345 | D:9      | Reached skill level 5 in Fire Magic
  4349 | D:9      | Offered knowledge of Fireball by Vehumet.
  4356 | D:9      | Learned a level 5 spell: Fireball
  4494 | D:9      | Found a staircase to the Orcish Mines.
  4562 | Lair:1   | Entered Level 1 of the Lair of Beasts
  4636 | Lair:1   | HP: 2/54 [blink frog (14)]
  4675 | Lair:1   | Reached XP level 12. HP: 46/59 MP: 16/31
  4771 | Lair:1   | Got a crystal quarterstaff
  4827 | Lair:2   | Identified the +8 quarterstaff of Absolution {drain, *Rage Str+7 Int+3} (You found it on level 1 of the Lair of Beasts)
  4841 | Lair:2   | Reached ***** piety under Vehumet
  4842 | Lair:2   | Offered knowledge of Bolt of Cold by Vehumet.
  4950 | Lair:2   | Reached skill level 14 in Spellcasting
  5022 | Lair:2   | Found a dark tunnel.
  5040 | Volcano  | Entered a volcano
  5210 | Lair:2   | Found a staircase to the Swamp.
  5258 | Lair:3   | Found a hole to the Spider Nest.
  5727 | Lair:6   | Entered Level 6 of the Lair of Beasts
  5738 | Lair:6   | Reached skill level 10 in Fire Magic
  5751 | Lair:6   | Noticed a death yak
  5753 | Lair:6   | Noticed a death yak
  5755 | Lair:6   | Noticed a death yak
  5755 | Lair:6   | Noticed a death yak
  5762 | Lair:6   | Killed a death yak
  5765 | Lair:6   | Killed a death yak
  5766 | Lair:6   | Noticed a death yak
  5767 | Lair:6   | Killed a death yak
  5768 | Lair:6   | Killed a death yak
  5768 | Lair:6   | Reached skill level 15 in Spellcasting
  5768 | Lair:6   | Reached XP level 13. HP: 63/63 MP: 28/34
  6017 | Lair:6   | Noticed a dire elephant
  6026 | Lair:6   | Killed a dire elephant
  6044 | Lair:6   | Noticed a dire elephant
  6044 | Lair:6   | Noticed a dire elephant
  6068 | Lair:6   | Killed a dire elephant
  6070 | Lair:6   | Killed a dire elephant
  6236 | Lair:6   | Got a tattered robe
  6247 | Lair:6   | Identified the +2 robe of the Boiling Point {rF- rCorr SInv Stlth+} (You found it on level 6 of the Lair of Beasts)
  6264 | Lair:6   | Gained mutation: You passively map a small area around you. [potion of beneficial mutation]
  6407 | Lair:6   | Noticed a dire elephant
  6416 | Lair:6   | Killed a dire elephant
  6707 | Lair:5   | Reached skill level 16 in Spellcasting
  6841 | Lair:5   | Found a viscous altar of Jiyva.
  6842 | Lair:5   | Found a staircase to the Slime Pits.
  6956 | Lair:1   | Reached XP level 14. HP: 56/68 MP: 22/36
  7034 | Orc:1    | Entered Level 1 of the Orcish Mines
  7034 | Orc:1    | Found a frozen archway.
  7182 | Orc:2    | Entered Level 2 of the Orcish Mines
  7182 | Orc:2    | Found Giseilyxi's Antique Armour Emporium.
  7182 | Orc:2    | Noticed an orc warlord
  7189 | Orc:2    | Killed an orc warlord
  7203 | Orc:2    | Offered knowledge of Delayed Fireball by Vehumet.
  7224 | Orc:1    | Learned a level 7 spell: Delayed Fireball
  7361 | Orc:2    | Learned a level 1 spell: Apportation
  7403 | Orc:2    | Found a roughly hewn altar of Beogh.
  7475 | Orc:2    | Found a roughly hewn altar of Beogh.
  7490 | Orc:2    | Found a roughly hewn altar of Beogh.
  7506 | Orc:2    | Found a staircase to the Elven Halls.
  7549 | Orc:2    | Found a roughly hewn altar of Beogh.
  7560 | Orc:2    | Found Mecu's Antique Armour Boutique.
  7642 | Orc:2    | Found a roughly hewn altar of Beogh.
  7652 | Orc:2    | Found Jiqak's Antique Armour Shoppe.
  7717 | Orc:2    | Reached ****** piety under Vehumet
  7746 | Orc:2    | Noticed an orc warlord
  7764 | Orc:2    | Offered knowledge of Ozocubu's Refrigeration by Vehumet.
  8037 | Orc:2    | Found Ehiamof's Antique Weapon Emporium.
  8038 | Orc:2    | Found a roughly hewn altar of Beogh.
  8039 | Orc:2    | Found Caveaw's Antique Armour Shoppe.
  8046 | Orc:2    | Bought the +1 cloak of Starlight {rElec rC+ EV+4 Stlth--} for 1201 gold pieces
  8118 | Elf:1    | Entered Level 1 of the Elven Halls
  8240 | Elf:2    | Learned a level 7 spell: Orb of Destruction
  8287 | Elf:3    | Entered Level 3 of the Elven Halls
  8350 | Elf:3    | Reached skill level 17 in Spellcasting
  8598 | Elf:3    | Got a vibrating brass ring
  8600 | Elf:3    | Identified the ring of Conformity {Wiz +Fly Int+4} (You found it on level 3 of the Elven Halls)
  8665 | Elf:3    | Reached skill level 5 in Dodging
  8668 | Elf:3    | Reached XP level 15. HP: 58/72 MP: 15/38
  8751 | Elf:3    | Noticed a deep elf sorcerer
  8758 | Elf:3    | Reached skill level 15 in Fire Magic
  8759 | Elf:3    | Killed a deep elf sorcerer
  8793 | Elf:3    | Noticed a deep elf sorcerer
  8795 | Elf:3    | Killed a deep elf sorcerer
  8797 | Elf:3    | Noticed a deep elf blademaster
  8800 | Elf:3    | Killed a deep elf blademaster
  8936 | Elf:3    | Noticed a deep elf blademaster
  8940 | Elf:3    | Killed a deep elf blademaster
  8973 | Elf:3    | Reached skill level 18 in Spellcasting
  9019 | Elf:3    | Noticed an Executioner
  9021 | Elf:3    | Noticed a Tzitzimitl
  9223 | Elf:3    | Noticed a deep elf master archer
  9241 | Elf:3    | Killed a deep elf master archer
  9325 | Elf:3    | Got an ichor-stained long sword {slice}
  9332 | Elf:3    | Identified the +5 long sword of Gallantry {slice, rF+ MR+} (You took it off a deep elf demonologist on level 3 of the Elven Halls)
  9349 | Elf:3    | Got a blackened falchion {slice}
  9350 | Elf:3    | Identified the +1 falchion "Jotaweh" {slice, Fragile MR+ Dex+7} (You took it off a deep elf high priest on level 3 of the Elven Halls)
  9381 | Elf:3    | Upgraded the game from 0.19-a0-1406-g1c65f5a to 0.19-a0-1412-g9c007ba
  9527 | Elf:3    | Got a pair of shimmering gloves
  9538 | Elf:3    | Identified the +0 pair of gloves of Dishricsuu {rElec} (You found it on level 3 of the Elven Halls)
  9552 | Elf:3    | Got a brightly glowing hand crossbow
  9553 | Elf:3    | Identified the +7 hand crossbow of Understanding {elec, rF- Int+4 Dex+2 SInv} (You found it on level 3 of the Elven Halls)
  9565 | Elf:3    | Learned a level 6 spell: Iron Shot
  9598 | Elf:3    | Learned a level 2 spell: Blink
  9601 | Elf:3    | Learned a level 2 spell: Repel Missiles
  9626 | Elf:3    | Got a pair of transparent boots
  9632 | Elf:3    | Identified the +1 pair of boots of Ladders and Snakes {Dex+5} (You found it on level 3 of the Elven Halls)
  9799 | Orc:2    | Bought a scorched helmet for 256 gold pieces
  9817 | Orc:2    | Identified the cursed -1 helmet of Beof {Int+4} (You bought it in a shop on level 2 of the Orcish Mines)
  9862 | Orc:2    | Bought a runed helmet for 144 gold pieces
  9994 | Swamp:1  | Entered Level 1 of the Swamp
 10056 | Swamp:1  | Reached skill level 1 in Shields
 10206 | Swamp:2  | Reached XP level 16. HP: 63/76 MP: 20/40
 10228 | Swamp:2  | Offered knowledge of Bolt of Fire by Vehumet.
 10238 | Swamp:2  | Learned a level 6 spell: Bolt of Fire
 10358 | Swamp:4  | Entered Level 4 of the Swamp
 10548 | Swamp:4  | Reached skill level 19 in Spellcasting
 10601 | Swamp:4  | Noticed a thorn hunter
 10605 | Swamp:4  | Killed a thorn hunter
 10678 | Swamp:4  | Reached skill level 1 in Fighting
 10744 | Swamp:4  | Got a decaying rune of Zot
 10848 | Spider:1 | Entered Level 1 of the Spider Nest
 10916 | Spider:1 | Offered knowledge of Poisonous Cloud by Vehumet.
 11041 | Spider:1 | Noticed Asterion
 11145 | Spider:3 | Noticed Donald
 11154 | Spider:3 | Killed Donald
 11161 | Spider:3 | Noticed Agnes
 11336 | Spider:3 | Noticed Arachne
 11340 | Spider:3 | Killed Arachne
 11398 | Spider:4 | Entered Level 4 of the Spider Nest
 11426 | Spider:4 | Reached XP level 17. HP: 90/90 MP: 41/42
 11549 | Spider:4 | Noticed PurpleRed's ghost (journeyman DECj)
 11581 | Spider:3 | Killed Agnes
 11752 | Spider:4 | Offered knowledge of Poison Arrow by Vehumet.
 11756 | Spider:4 | Reached skill level 20 in Spellcasting
 11822 | Spider:4 | Got a gossamer rune of Zot
 12185 | Lair:5   | Learned a level 2 spell: Passwall
 12191 | Lair:5   | Learned a level 4 spell: Passage of Golubria
 12213 | Slime:1  | Entered Level 1 of the Pits of Slime
 12276 | Slime:4  | Noticed an acid blob
 12276 | Slime:4  | Noticed an acid blob
 12448 | Slime:2  | Noticed an acid blob
 12451 | Slime:2  | Killed an acid blob
 12555 | Slime:2  | Found a viscous altar of Jiyva.
 12617 | Slime:2  | Noticed an acid blob
 12619 | Slime:2  | Killed an acid blob
 12622 | Slime:2  | Noticed an acid blob
 12623 | Slime:2  | Killed an acid blob
 12648 | Slime:4  | Offered knowledge of Conjure Ball Lightning by Vehumet.
 12652 | Slime:4  | Noticed an acid blob
 12657 | Slime:4  | Killed an acid blob
 12659 | Slime:4  | Noticed an acid blob
 12664 | Slime:4  | Killed an acid blob
 12666 | Slime:4  | Killed an acid blob
 12678 | Slime:4  | Killed an acid blob
 12678 | Slime:4  | Reached XP level 18. HP: 55/95 MP: 4/44
 12690 | Slime:3  | Upgraded the game from 0.19-a0-1412-g9c007ba to 0.19-a0-1438-g932844a
 12857 | Slime:4  | Reached skill level 21 in Spellcasting
 12980 | Slime:5  | Entered Level 5 of the Pits of Slime
 13155 | Slime:5  | Noticed the Royal Jelly
 13166 | Slime:5  | Killed the Royal Jelly
 13297 | Slime:5  | Got a slimy rune of Zot
 13367 | Slime:5  | Noticed Ultraviolent4's ghost (adept FoFi)
 13381 | Slime:5  | Got a translucent platinum amulet
 13383 | Slime:5  | Identified the amulet "Risses" {Dismiss Str+3} (You found it on level 5 of the Pits of Slime)
 13386 | Slime:5  | Got a crude dagger
 13387 | Slime:5  | Identified the +0 dagger "Amaep" {pierce, rElec} (You found it on level 5 of the Pits of Slime)
 13418 | Slime:5  | Got an iridescent whip
 13419 | Slime:5  | Identified the +2 whip of Qynoh {venom, Str+7} (You found it on level 5 of the Pits of Slime)
 13451 | Slime:5  | Got a wizard robe
 13614 | Lair:1   | Identified the +4 robe "Nad Faxo" {rPois MR- Regen+ Dex+3} (You found it on level 5 of the Pits of Slime)
 13643 | D:11     | Noticed Nergalle
 13644 | D:11     | Killed Nergalle
 13748 | D:15     | Entered Level 15 of the Dungeon
 13822 | D:13     | Noticed Nessos
 13824 | D:13     | Killed Nessos
 14066 | D:14     | Found a gate to the Vaults.
 14095 | Vaults:1 | Entered Level 1 of the Vaults
 14126 | Vaults:2 | Reached skill level 1 in Necromancy
 14218 | Vaults:2 | Reached skill level 5 in Necromancy
 14288 | Vaults:2 | Found Meawauc's Antique Weapon Boutique.
 14502 | Vaults:3 | Offered knowledge of Fire Storm by Vehumet.
 14502 | Vaults:3 | Offered knowledge of Glaciate by Vehumet.
 14502 | Vaults:3 | Offered knowledge of Chain Lightning by Vehumet.
 14519 | Vaults:3 | Learned a level 9 spell: Fire Storm
 14710 | Vaults:4 | Reached XP level 19. HP: 99/99 MP: 46/46
 14789 | Vaults:4 | Reached skill level 10 in Necromancy
 15040 | Vaults:4 | Noticed tijit's ghost (veteran HECj)
 15046 | Vaults:4 | Killed tijit's ghost
 15174 | Vaults:5 | Entered Level 5 of the Vaults
 15193 | Vaults:5 | Noticed Ryco's ghost (adept DsBe)
 15197 | Vaults:5 | Noticed a golden dragon
 15199 | Vaults:5 | Killed Ryco's ghost
 15202 | Vaults:5 | Killed a golden dragon
 15202 | Vaults:5 | Reached skill level 1 in Transmutations
 15215 | Vaults:5 | Noticed an ancient lich
 15217 | Vaults:5 | Killed an ancient lich
 15217 | Vaults:5 | Reached skill level 5 in Transmutations
 15217 | Vaults:5 | Killed a golden dragon
 15220 | Vaults:5 | Reached XP level 20. HP: 63/104 MP: 38/47
 15220 | Vaults:5 | Reached skill level 15 in Necromancy
 15404 | Vaults:5 | Reached skill level 10 in Transmutations
 15514 | Vaults:5 | Reached skill level 22 in Spellcasting
 15710 | Vaults:5 | Noticed a golden dragon
 15892 | Vaults:5 | Gained mutation: Your muscles are strong. (Str +2) [potion of beneficial mutation]
 16140 | Vaults:5 | Reached skill level 1 in Earth Magic
 16198 | Vaults:5 | Reached XP level 21. HP: 51/108 MP: 23/49
 16263 | Vaults:5 | Got a silver rune of Zot
 16331 | Vaults:5 | Killed a golden dragon
 16331 | Vaults:5 | Reached skill level 5 in Fighting
 16442 | Vaults:5 | Identified the +1 ring mail of Ykihudim {+Fly rF- rC+ Slay+3} (You found it on level 5 of the Vaults)
 16765 | Vaults:3 | Reached skill level 5 in Earth Magic
 16905 | Vaults:3 | Found a staircase to the Crypt.
 16919 | Vaults:3 | Learned a level 8 spell: Necromutation
 16921 | Crypt:1  | Entered Level 1 of the Crypt
 17167 | Crypt:3  | Entered Level 3 of the Crypt
 17429 | Crypt:3  | Noticed a greater mummy
 17447 | Crypt:3  | Killed a greater mummy
 17447 | Crypt:3  | Reached skill level 23 in Spellcasting
 17458 | Crypt:3  | Found a staircase to the Tomb.
 17514 | Tomb:1   | Entered Level 1 of the Tomb of the Ancients
 17597 | Tomb:1   | Reached skill level 1 in Evocations
 17629 | Tomb:1   | Reached skill level 5 in Evocations
 17660 | Tomb:1   | Noticed a greater mummy
 17663 | Tomb:1   | Killed a greater mummy
 17706 | Tomb:1   | Noticed a greater mummy
 17881 | Tomb:1   | Killed a greater mummy
 18046 | Tomb:2   | Reached XP level 22. HP: 117/117 MP: 45/51
 18048 | Tomb:2   | Noticed a greater mummy
 18048 | Tomb:2   | Noticed an ancient lich
 18049 | Tomb:2   | Noticed a greater mummy
 18050 | Tomb:2   | Noticed a greater mummy
 18053 | Tomb:2   | Killed an ancient lich
 18194 | Tomb:2   | Killed a greater mummy
 18219 | Tomb:2   | Killed a greater mummy
 18286 | Tomb:2   | Killed a greater mummy
 18286 | Tomb:2   | Reached skill level 10 in Evocations
 18337 | Tomb:1   | Noticed a greater mummy
 18341 | Tomb:1   | Killed a greater mummy
 18373 | Tomb:1   | Noticed a greater mummy
 18380 | Tomb:1   | Killed a greater mummy
 18381 | Tomb:1   | Noticed a greater mummy
 18479 | Tomb:1   | Noticed a greater mummy
 18481 | Tomb:1   | Killed a greater mummy
 18535 | Tomb:1   | Noticed a greater mummy
 18540 | Tomb:1   | Noticed a greater mummy
 18544 | Tomb:1   | Killed a greater mummy
 18579 | Tomb:1   | Noticed a greater mummy
 18582 | Tomb:1   | Killed a greater mummy
 18585 | Tomb:1   | Noticed a greater mummy
 18587 | Tomb:1   | Killed a greater mummy
 18595 | Tomb:1   | Noticed a greater mummy
 18612 | Tomb:1   | Killed a greater mummy
 18653 | Tomb:1   | Noticed a greater mummy
 18660 | Tomb:1   | Killed a greater mummy
 18714 | Tomb:1   | Noticed a greater mummy
 18718 | Tomb:1   | Killed a greater mummy
 18718 | Tomb:1   | Reached skill level 24 in Spellcasting
 18727 | Tomb:1   | Noticed a greater mummy
 18730 | Tomb:1   | Killed a greater mummy
 18849 | Tomb:3   | Entered Level 3 of the Tomb of the Ancients
 18873 | Tomb:3   | Noticed a greater mummy
 18874 | Tomb:3   | Noticed a greater mummy
 18874 | Tomb:3   | Reached XP level 23. HP: 123/123 MP: 25/53
 18875 | Tomb:3   | Noticed a greater mummy
 18875 | Tomb:3   | Killed a greater mummy
 18875 | Tomb:3   | Killed a greater mummy
 18877 | Tomb:3   | Killed a greater mummy
 18880 | Tomb:3   | Noticed a greater mummy
 18880 | Tomb:3   | Noticed a greater mummy
 18880 | Tomb:3   | Killed a greater mummy
 18881 | Tomb:3   | Killed a greater mummy
 18881 | Tomb:3   | Reached skill level 25 in Spellcasting
 18881 | Tomb:3   | Killed a greater mummy
 18882 | Tomb:3   | Noticed a greater mummy
 18892 | Tomb:3   | Killed a greater mummy
 18941 | Tomb:3   | Noticed a greater mummy
 18943 | Tomb:3   | Noticed a greater mummy
 18943 | Tomb:3   | Killed a greater mummy
 18943 | Tomb:3   | Reached skill level 10 in Dodging
 18943 | Tomb:3   | Killed a greater mummy
 18985 | Tomb:3   | Got a golden rune of Zot
 19065 | Tomb:3   | Identified Linun's Grimoire of Frigorific Poison
 19066 | Tomb:3   | Identified the Guide on Mutagenic Aid
 19074 | Tomb:3   | Learned a level 6 spell: Haste
 19083 | Tomb:3   | Identified the +3 leather armour of Eternity {rN++} (You found it on level 3 of the Tomb of the Ancients)
 19091 | Tomb:3   | Got a vibrating bronze ring
 19092 | Tomb:3   | Identified the ring "Folius" {+Fly rPois rF- Slay+5 SInv} (You found it on level 3 of the Tomb of the Ancients)
 19162 | Tomb:1   | Killed a greater mummy
 19712 | D:15     | Found a staircase to the Depths.
 19749 | Depths:1 | Entered Level 1 of the Depths
 19910 | Depths:3 | Found a flickering gateway to a bazaar.
 19917 | Depths:3 | Reached skill level 10 in Earth Magic
 19957 | Depths:4 | Reached XP level 24. HP: 118/132 MP: 45/54
 20019 | Depths:4 | Found a gateway to Hell.
 20116 | Depths:4 | Found a gateway to a ziggurat.
 20129 | Zig:1    | Entered Level 1 of a ziggurat
 20152 | Zig:2    | Entered Level 2 of a ziggurat
 20172 | Zig:3    | Entered Level 3 of a ziggurat
 20194 | Zig:4    | Entered Level 4 of a ziggurat
 20210 | Zig:4    | Learned a level 2 spell: Sublimation of Blood
 20214 | Zig:5    | Entered Level 5 of a ziggurat
 20255 | Zig:6    | Entered Level 6 of a ziggurat
 20264 | Zig:6    | Reached skill level 26 in Spellcasting
 20278 | Zig:7    | Entered Level 7 of a ziggurat
 20301 | Zig:8    | Entered Level 8 of a ziggurat
 20320 | Zig:8    | Got a twitching pewter ring
 20322 | Zig:8    | Identified the ring "Weoxanot" {+Inv rPois} (You found it on level 8 of a ziggurat)
 20330 | Zig:8    | Identified the +2 troll leather armour of the Beginning {+Blink MR+ Regen+ Dex-5} (You found it on level 8 of a ziggurat)
 20334 | Zig:9    | Entered Level 9 of a ziggurat
 20344 | Zig:9    | Reached XP level 25. HP: 136/136 MP: 51/55
 20355 | Zig:9    | Identified the Compendium of Earthen Displacement
 20363 | Zig:10   | Entered Level 10 of a ziggurat
 20371 | Zig:10   | Reached XP level 26. HP: 137/141 MP: 55/55
 20371 | Zig:10   | Reached skill level 15 in Earth Magic
 20388 | Zig:10   | Got a sparkling bone ring
 20390 | Zig:10   | Identified the ring of Qoufuar {rC+ MR+} (You found it on level 10 of a ziggurat)
 20399 | Zig:11   | Entered Level 11 of a ziggurat
 20412 | Zig:11   | Noticed Dukoepsa the pandemonium lord
 20414 | Zig:11   | Killed Dukoepsa the pandemonium lord
 20457 | Zig:11   | Got a slimy robe
 20468 | Zig:11   | Identified the cursed +1 robe of Intuition {rElec Int+4} (You found it on level 11 of a ziggurat)
 20488 | Zig:12   | Entered Level 12 of a ziggurat
 20500 | Zig:12   | Reached skill level 27 in Spellcasting
 20527 | Zig:13   | Entered Level 13 of a ziggurat
 20542 | Zig:13   | Killed an ancient lich
 20542 | Zig:13   | Reached XP level 27. HP: 146/146 MP: 56/56
 20550 | Zig:13   | Identified the Incunabulum of Gliding Shape Shifting
 20567 | Zig:13   | Learned a level 9 spell: Shatter
 20569 | Zig:14   | Entered Level 14 of a ziggurat
 20607 | Zig:15   | Entered Level 15 of a ziggurat
 20640 | Zig:15   | Identified The Almanac of Greatest Risks and Utility
 20662 | Zig:16   | Entered Level 16 of a ziggurat
 20672 | Zig:16   | Reached skill level 1 in Translocations
 20674 | Zig:16   | Reached skill level 5 in Translocations
 20704 | Zig:16   | Identified the amulet of Megalomania {Gourm Str+3} (You found it on level 16 of a ziggurat)
 20710 | Zig:17   | Entered Level 17 of a ziggurat
 20727 | Zig:17   | Noticed a greater mummy
 20728 | Zig:17   | Noticed a greater mummy
 20731 | Zig:17   | Noticed a greater mummy
 20732 | Zig:17   | Killed a greater mummy
 20733 | Zig:17   | Killed a greater mummy
 20735 | Zig:17   | Killed a greater mummy
 20736 | Zig:17   | Reached skill level 10 in Translocations
 20750 | Zig:17   | Noticed a greater mummy
 20752 | Zig:17   | Killed a greater mummy
 20781 | Zig:17   | Identified the Papyrus of Unstable Darkness
 20805 | Zig:17   | Learned a level 8 spell: Controlled Blink
 20826 | Zig:18   | Entered Level 18 of a ziggurat
 20835 | Zig:18   | Noticed Amegowur the pandemonium lord
 20837 | Zig:18   | Noticed Colyot the pandemonium lord
 20850 | Zig:18   | Noticed Jamuh the pandemonium lord
 20852 | Zig:18   | Paralysed by a giant eyeball for 4 turns
 20857 | Zig:18   | Identified the Guide on Enchanting Clay
 20916 | Depths:4 | Found a one-way gate to the infinite horrors of the Abyss.
 20936 | Depths:5 | Entered Level 5 of the Depths
 20958 | Depths:5 | Found Losiud's General Store.
 20966 | Depths:5 | Bought a potion of curing for 39 gold pieces
 20966 | Depths:5 | Bought 2 scrolls of identify for 52 gold pieces
 20966 | Depths:5 | Bought a potion of curing for 39 gold pieces
 21012 | Depths:5 | Found a huge runed gate.
 21012 | Depths:5 | Found a huge runed gate.
 21013 | Depths:5 | Found a huge runed gate.
 21015 | Depths:5 | Found a huge runed gate.
 21017 | Depths:5 | Found a huge runed gate.
 21018 | Depths:5 | Found a huge runed gate.
 21019 | Depths:5 | Found a huge runed gate.
 21020 | Depths:5 | Found a huge runed gate.
 21028 | Depths:5 | Found a huge runed gate.
 21028 | Depths:5 | Found a huge runed gate.
 21029 | Depths:5 | Found a portal to a secret trove of treasure.
 21029 | Depths:5 | Found a huge runed gate.
 21031 | Depths:5 | Found a huge runed gate.
 21033 | Depths:5 | Found a huge runed gate.
 21053 | Depths:5 | Found a huge runed gate.
 21053 | Depths:5 | Found a huge runed gate.
 21075 | Depths:3 | Reached skill level 15 in Translocations
 21078 | Depths:3 | Found a one-way gate leading to the halls of Pandemonium.
 21126 | Pan      | Entered Pandemonium
 21140 | Pan      | Noticed Maletun the pandemonium lord
 21175 | Pan      | Found an exit through the horrors of the Abyss.
 21383 | Pan      | Noticed Cokaurch the pandemonium lord
 21385 | Pan      | Killed Cokaurch the pandemonium lord
 21395 | Pan      | Got a demonic rune of Zot
 21416 | Pan      | Found an exit through the horrors of the Abyss.
 21480 | Pan      | Slain by a sun demon

Vault maps used:
D:1:      sevenhm_arrival_forest_fort_small_3, minivault_5
D:2:      gammafunk_temple_overflow_claw, kennysheep_crisscross, uniq_terence
D:3:      old_standard_altar, grunt_temple_overflow_open, old_standard_altar
D:4:      portal_sewer_entry_e, first_bread, serial_shops, nicolae_shop_stone,
          serial_glass, glass_columns_a, glass_columns_c, uniq_eustachio,
          uniq_robin
D:6:      serial_shops, nicolae_shop_trees
D:8:      eat_drink_and_be_merry_uskayaw
D:9:      minmay_shrinking_squares, orc_0_dummy, serial_shops, shop
D:10:     david_lair_generic
D:11:     serial_shops, nicolae_shop_trees, hangedman_pestilent_swarm,
          kennysheep_another_room, uniq_sonja, uniq_nergalle
D:12:     kennysheep_treasure_stockpile
D:13:     enter_bailey_2, kennysheep_generic_room_3, uniq_nessos
D:14:     lightli_vaults_fourway_checkpoint, grunt_decor_one_mirror,
          minmay_misc_feat_x, hangedman_decor_slide_cut, lemuel_freeze_loot_1
D:15:     grunt_enter_depths_hoard, serial_park_avenue1
Temple:   nicolae_temple_x_marks_the_god
Lair:1:   small_statue_intersection, grunt_megastairs_4,
          infiniplex_staircase_pool
Lair:2:   minmay_swamp_entry_swarm, lightli_volcano_entry_magma_tube,
          lemuel_old_faithful
Lair:3:   mu_elephants_graveyard, spider_nest_entry_web_field,
          hibernation_bobbens, lemuel_fruit_tree
Lair:4:   uniq_snorg
Lair:5:   slime_altar_1
Lair:6:   due_jungle_book, infiniplex_staircase_pool_2, grunt_megastairs_2
Swamp:1:  evilmike_swamp_ruin_house_4, swamp_pool1, hangedman_swamp_blocks
Swamp:2:  nicolae_swamp_fairy_circle
Swamp:3:  evilmike_swamp_ruin_house_6, swamp_pool4, roderic_carrion_pond,
          uniq_kirke
Swamp:4:  swamp_alternative, swamp_pool3
Spider:1: worms_lemuel, uniq_asterion
Spider:3: uniq_arachne, uniq_agnes, uniq_donald
Spider:4: grunt_spider_rune_parallel
Slime:2:  basic_altar
Orc:1:    portal_ice_cave_entry_pillars_2
Orc:2:    grunt_orc_community_town_hall, grunt_orc_community_big_house_1,
          grunt_orc_community_big_house_1, grunt_orc_community_house_1,
          grunt_orc_community_house_2, grunt_orc_community_house_1,
          grunt_orc_community_house_2, grunt_orc_community_house_3,
          grunt_orc_community_house_1, serial_shops, nicolae_shop_crystal
Elf:1:    portal_desolation_entry_ruin, minmay_elf_annihilation,
          minmay_shop_grove
Elf:2:    basic_altar, serial_shops, shop, hex_large, minivault_5,
          kilobyte_mutagenic_chamber
Elf:3:    minmay_elf_hall_not_hex
Vaults:1: hangedman_vaults_pinch, v_misc_4, v_misc_30, ontoclasm_vaults_shout,
          hangedman_vaults_stretched_pinwheel, hangedman_vaults_unwind,
          nicolae_vaults_circle_grid_b, nicolae_vaults_network_quinsquares,
          v_misc_2, ontoclasm_vaults_loading_screen,
          ontoclasm_vaults_decontamination, vaults_room_door_ring, serial_shops,
          nicolae_shop_trees, nicolae_shop_waterfront
Vaults:2: v_misc_31, ontoclasm_vaults_ligature, ontoclasm_vaults_misaligned,
          nicolae_vaults_windows_and_doors_thing, nicolae_vaults_network_square,
          v_misc_18, st_quartered_hall, nicolae_vaults_specimen_jars,
          vaults_dpeg_cross, grunt_vaults_twisty,
          nicolae_vaults_mini_display_case, nicolae_vaults_angled_halls,
          nicolae_vaults_little_squares_6, ontoclasm_vaults_shuriken,
          serial_shops, shop
Vaults:3: vaults_mumra_minichess_inversion, minmay_crypt_entry_simple_statues,
          vaults_mumra_chevron, vaults_dpeg_hooks, v_misc_16, vaults_dpeg_ring,
          vaults_room_pools, vaults_standard_mumra_lines, v_misc_1
Vaults:4: vaults_room_hallway, vaults_room_boxed, nicolae_vaults_bisected_slash,
          vaults_mumra_hex, vaults_standard_mumra_x, v_pattern_3,
          vaults_room_pools, ontoclasm_vaults_tryst, vaults_room_fours,
          ontoclasm_vaults_chip, hangedman_vaults_impose, v_misc_14
Crypt:1:  st_stairs_6
Crypt:3:  evilmike_haunted_forest
Depths:1: abyss_entry_small_statue_room, minmay_misc_feat_nine_boxes,
          grunt_hell_entry_dis_mu, kennysheep_generic_room_4
Depths:2: minmay_guarded_unrand_guard, hell_entry
Depths:3: vault_1, serial_shops, bzr_entry_dummy, shop_statue,
          minmay_crystal_room, pan_entry, lightli_too_deep, uniq_boris,
          uniq_mennas
Depths:4: hangedman_arrow_trap, enter_ziggurat_e, hell_entry, abyss_entry,
          grunt_decor_fettered
Depths:5: grunt_zot_entry_tricorne, enter_trove_2, hell_entry, serial_shops,
          shop, door_vault
Pan:      evilmike_mini_pan_layers, grunt_pan_frozen_over,
          pan_blood_fountain_small, evilmike_mini_pan_corridor, rand_demon_2
Zig:6:    ziggurat_pillar_centre_c
Zig:7:    ziggurat_pillar_centre_dead_trees
Zig:10:   ziggurat_pillar_centre_smoke
Zig:13:   ziggurat_pillar_centre_oklobs
Zig:17:   ziggurat_pillar_centre_drop
Volcano:  volcano_lake

Skill      XL: |  1  2  3  4  5  6  7  8  9 10 11 12 13 14 15 16 17 18 19 20 21 22 23 24 25 26 27 |
---------------+----------------------------------------------------------------------------------+-----
Conjurations   | 5 6 7 8 11 12 14 15 16 17 18 19 20 21 | 21.6
Spellcasting   | 4 5 6 9 10 12 13 15 16 17 18 19 20 21 22 23 24 25 26 27 | 27.0
Charms         | 1 3 5 7 |  7.1
Fire Magic     | 6 10 13 14 16 18 19 | 19.3
Dodging        | 5 6 9 11 13 | 13.2
Shields        | 1 4 |  4.0
Fighting       | 4 6 8 9 |  9.7
Necromancy     | 8 14 15 16 | 16.3
Transmutations | 6 10 | 10.2
Earth Magic    | 1 7 10 13 14 17 19 | 19.2
Evocations     | 8 13 14 | 14.6
Translocations | 15 | 15.5
Stealth        | 4 |  4.4

Action                   |  1- 3 |  4- 6 |  7- 9 | 10-12 | 13-15 | 16-18 | 19-21 | 22-24 | 25-27 || total
-------------------------+-------+-------+-------+-------+-------+-------+-------+-------+-------++-------
Melee: Whip              |     5 |     5 |    26 |    12 |    59 |       |       |       |       ||   107
       Staff             |       |       |       |       |     1 |       |     3 |       |       ||     4
       Long sword        |       |       |       |       |     2 |    11 |    36 |    19 |    12 ||    80
 Fire: Arbalest          |       |       |       |    14 |     1 |       |       |       |       ||    15
 Cast: Magic Dart        |    35 |    10 |    84 |   194 |   264 |   245 |    64 |    11 |       ||   907
       Searing Ray       |     4 |    12 |     8 |     5 |    12 |     3 |       |       |       ||    44
       Iskenderun's Batt |       |       |    23 |    49 |    61 |    56 |    13 |     3 |       ||   205
       Regeneration      |       |       |     1 |     5 |    11 |    16 |     7 |    15 |     2 ||    57
       Iskenderun's Myst |       |       |     2 |    31 |     5 |     2 |       |       |       ||    40
       Bolt of Magma     |       |       |       |     5 |     8 |       |       |       |       ||    13
       Fireball          |       |       |       |    20 |   130 |   202 |    53 |    14 |    20 ||   439
       Delayed Fireball  |       |       |       |       |     2 |     2 |     2 |     1 |       ||     7
       Apportation       |       |       |       |       |     1 |     2 |    19 |    29 |    28 ||    79
       Bolt of Fire      |       |       |       |       |       |    66 |    11 |     4 |     1 ||    82
       Blink             |       |       |       |       |       |     7 |     4 |    15 |     4 ||    30
       Orb of Destructio |       |       |       |       |       |     9 |       |     2 |       ||    11
       Iron Shot         |       |       |       |       |       |     4 |     3 |     8 |    11 ||    26
       Passwall          |       |       |       |       |       |    10 |       |     2 |       ||    12
       Fire Storm        |       |       |       |       |       |     8 |   146 |   190 |   118 ||   462
       Passage of Golubr |       |       |       |       |       |     2 |     1 |     7 |       ||    10
       Repel Missiles    |       |       |       |       |       |       |     1 |       |       ||     1
       Necromutation     |       |       |       |       |       |       |     4 |    10 |     2 ||    16
       Sublimation of Bl |       |       |       |       |       |       |       |     4 |     8 ||    12
       Controlled Blink  |       |       |       |       |       |       |       |       |     9 ||     9
       Shatter           |       |       |       |       |       |       |       |       |     2 ||     2
 Abil: Evoke Flight      |       |       |       |       |     2 |     4 |       |     2 |       ||     8
       Release Delayed F |       |       |       |       |     1 |     3 |     2 |       |       ||     6
       End Transformatio |       |       |       |       |       |       |       |     4 |     2 ||     6
Evoke: Rod               |       |       |       |     7 |    26 |    16 |     6 |     5 |       ||    60
       Wand              |       |       |       |       |     4 |     1 |       |     1 |       ||     6
       Lamp of fire      |       |       |       |       |       |     2 |       |       |       ||     2
       Phial of floods   |       |       |       |       |       |       |     1 |       |       ||     1
       Staff of energy   |       |       |       |       |       |       |    56 |   251 |    77 ||   384
  Use: Scroll            |     4 |     4 |     7 |     8 |    16 |    19 |     5 |    11 |    17 ||    91
       Potion            |       |     2 |       |     4 |     4 |    10 |     2 |     2 |     5 ||    29
 Stab: Sleeping          |       |       |     2 |       |       |       |       |       |       ||     2
  Eat: Chunk             |       |     1 |    10 |    17 |    10 |     2 |    12 |       |       ||    52
       Pizza             |       |       |       |       |     3 |     1 |     5 |       |       ||     9
       Beef jerky        |       |       |       |       |     5 |     3 |     1 |       |       ||     9
       Fruit             |       |       |       |       |     3 |       |     5 |     4 |     1 ||    13
       Royal jelly       |       |       |       |       |       |     5 |     4 |     4 |     6 ||    19
Armor: Robe              |       |    16 |    15 |    10 |     2 |    35 |     9 |    18 |     5 ||   110
       Ring mail         |       |       |       |     9 |    50 |     2 |       |       |       ||    61
       Troll leather arm |       |       |       |       |       |       |       |       |    10 ||    10
Dodge: Dodged            |    10 |    51 |    19 |    32 |    64 |   129 |    58 |    82 |    56 ||   501
       Deflected         |       |       |       |       |       |       |     3 |     4 |     3 ||    10
Block: Buckler           |       |       |       |       |     7 |    53 |    25 |    50 |    72 ||   207
       Reflection        |       |       |       |       |       |     4 |     3 |     2 |     3 ||    12
